[Event "Early-Titled-Tuesday-Blitz-February-13-2024"]
[Site "Chess.com"]
[Date "2024.02.13"]
[Round "9"]
[White "theoneandonlydaaevik"]
[Black "Elegance_Riks"]
[Result "0-1"]
[WhiteElo "2507"]
[BlackElo "2754"]
[TimeControl "180+1"]
[EndTime "9:49:21 PST"]
[Termination "Elegance_Riks won by resignation"]

1. Nf3 Nf6 2. g3 g6 3. b3 Bg7 4. Bb2 d6 5. d4 b5 6. Bg2 Bb7 7. O-O O-O 8. Qd3 a6 9. c4 Nbd7 10. Nbd2 e6 11. e4 c5 12. d5 e5 13. a4 b4 14. Ne1 Qe7 15. Qe2 Nh5 16. Nd3 Rae8 17. Rae1 Bc8 18. f4 a5 19. f5 Bh6 20. Bc1 Ndf6 21. Bh3 Kh8 22. Rf3 Rg8 23. Kh1 Bd7 24. Nf1 Bxc1 25. Rxc1 h6 26. Ne3 Nxe4 27.
fxg6 fxg6 28. Bxd7 Qxd7 29. Rcf1 Ng5 30. R3f2 Qg7 31.
Ng4 Rgf8 32. Rxf8+ Rxf8 33. Rxf8+ Qxf8 34. Kg2 Kh7 35.
Ndf2 Qf5 36. Ne3 Qb1 37. Qc2 Qxc2 38. Nxc2 Nf6 39. Ne3 Nfe4 40. Nxe4 Nxe4 41. Nf1 h5 42. Kf3 Nf6 43. Nd2 Kg7 44. h3 Kf7 45. Ne4 Nxe4 46.
Kxe4 Kf6 47. h4 g5 48. Ke3 Kf5 49. Kf3 e4+ 50. Ke3 gxh4 51. gxh4 Ke5 52. Ke2 Kd4 53.
Kd2 e3+ 54. Ke2 Ke4 55. Ke1 Kd3 56. Kd1 Kc3 57. Ke2 Kxb3 58. Kxe3 Kxa4 59. Ke4 b3 60. Kf5 b2 61. Ke6 b1=Q 62. Kxd6 0-1

[Event "Early-Titled-Tuesday-Blitz-February-13-2024"]
[Site "Chess.com"]
[Date "2024.02.13"]
[Round "9"]
[White "betta2004"]
[Black "N4700000"]
[Result "1/2-1/2"]
[WhiteElo "2624"]
[BlackElo "2475"]
[TimeControl "180+1"]
[EndTime "9:49:22 PST"]
[Termination "Game drawn - insufficient material"]

1. d4 Nf6 2. Nc3 d5 3. Bf4 a6 4. e3 e6 5. a3 b5 6. Nf3 Bb7 7.
Bd3 c5 8. Ne5 Nc6 9. O-O cxd4 10. Nxc6 Bxc6 11. exd4 Bd6 12. Qf3 Bxf4 13. Qxf4 O-O 14.
Rfe1 Rc8 15. Re3 h6 16. Rh3 Nd7 17. Re1 Qf6 18. Qg4 e5 19. Bf5 exd4 20. Ne2 Ne5 21. Qf4 Bd7 22. Nxd4 Rfe8 23. Rhe3 Ng6 24. Qg4 Rxe3 25.
Rxe3 Bxf5 26. Nxf5 Rxc2 27. h4 Rc1+ 28. Kh2 Rc4 29. Qh5 Nf4 30. Re8+ Kh7 31. Qg4 Ng6 32.
Qh5 Nxh4 33. Ne3 Qf4+ 34. Kh3 Rd4 35. Nxd5 Qg5 36. Qxg5 hxg5 37. Ne3 Ng6 38. g3 f6 39. Ra8 Rd6 40. Ra7 Ne5 41. Rxg7+ Kxg7 42. Nf5+ Kg6 43. Nxd6 Nc4 44. Ne4 Nxb2 45. Nc5 a5 46. g4 Nc4 47. Nb3 Nxa3 48. Nxa5 b4 49. Nb3 Nc4 50. Kg3 Ne5 51.
f4 Nd3 52. fxg5 Kxg5 53. Kf3 Ne5+ 54. Ke4 Nxg4 55. Kd5 f5 56. Kc4 f4 57. Nd4 Ne5+ 58. Kxb4 Kg4 59. Kc3 Nf3 60. Ne6 Ng5 61. Nxf4 1/2-1/2

[Event "Early-Titled-Tuesday-Blitz-February-13-2024"]
[Site "Chess.com"]
[Date "2024.02.13"]
[Round "9"]
[White "ActorXu"]
[Black "NikitaShnadrygin"]
[Result "1-0"]
[WhiteElo "2809"]
[BlackElo "2634"]
[TimeControl "180+1"]
[EndTime "9:49:23 PST"]
[Termination "ActorXu won on time"]

1. e4 c5 2. Nf3 e6 3. d4 cxd4 4. Nxd4 Nf6 5. Nc3 Nc6 6. Ndb5 Bb4 7. a3 Bxc3+ 8. Nxc3 d5 9. exd5 exd5 10. Bd3 O-O 11. O-O Bg4 12. f3 Bh5 13. Bg5 Qb6+ 14. Kh1 Ne4 15.
Nxe4 dxe4 16. Bxe4 Qxb2 17. Qb1 Qb6 18. Qxb6 axb6 19.
Rfb1 Bg6 20. Bxg6 hxg6 21. Rxb6 Na5 22. Kg1 Rfc8 23. Rb2 Nc4 24. Rxb7 Nxa3 25. Rb2 Ra5 26. h4 Nc4 27. Rba2 Re5 28. Bf4 Re2 29. c3 Rce8 30.
Kf1 R2e6 31. Ra4 Nb6 32. Rd4 Rc6 33. Bd2 Nc4 34. Rc1 Ra8 35. Rc2 Ra3 36. Bf4 Nb6 37.
Bd2 Nc4 38. Bc1 Ra1 39. Kf2 Nd6 40. Be3 Nb5 41. Rd8+ Kh7 42. c4 Na3 43. Rb2 Nxc4 44. Rbb8 g5 45. h5 Ra2+ 46. Kg3 g6 47. Rh8+ Kg7 48. h6+ Kf6 49. h7 Nxe3 50. Rhe8 Rxg2+ 51. Kh3 Rh2+ 52. Kxh2 Rc2+ 53. Kg1 Rg2+ 54. Kh1 1-0

[Event "Early-Titled-Tuesday-Blitz-February-13-2024"]
[Site "Chess.com"]
[Date "2024.02.13"]
[Round "9"]
[White "chess123456s"]
[Black "Schachmalanders"]
[Result "1/2-1/2"]
[WhiteElo "2602"]
[BlackElo "2461"]
[TimeControl "180+1"]
[EndTime "9:49:23 PST"]
[Termination "Game drawn by stalemate"]

1. d4 c5 2. d5 d6 3. Nc3 e5 4. e4 Nf6 5. g3 Be7 6. Bg2 Nbd7 7.
a4 Nf8 8. Nge2 Ng6 9. O-O O-O 10. h3 h6 11. Be3 Nh7 12. Qd2 Bg5 13. f4 exf4 14. gxf4 Bf6 15. Kh2 Re8 16. Rae1 Nhf8 17. Ng3 Nh4 18. Bh1 Bd7 19. Nh5 Nh7 20. Qf2 Kh8 21. Rg1 g6 22. Nxf6 Qxf6 23. e5 dxe5 24. Ne4 Qd8 25. Nd6 Qf6 26. fxe5 Qxf2+ 27. Bxf2 Nf5 28.
Nxe8 Rxe8 29. Bxc5 Bxa4 30. b3 Bd7 31. Bxa7 Ng5 32.
Bf2 b5 33. h4 Nh7 34. c4 bxc4 35. bxc4 Rb8 36. c5 Rb2 37. Rg2 g5 38. c6 Bc8 39.
d6 Rd2 40. d7 Bxd7 41. cxd7 Rxd7 42. hxg5 Nxg5 43. Rg4 Rd2 44. Rf4 Nh4 45. Rxh4 Rxf2+ 46. Kg1 Rb2 47. Rxh6+ Kg7 48. Rh2 Rb4 49. Rg2 Kh6 50.
Rh2+ Kg7 51. Bg2 Rg4 52. Kh1 Rg3 53. Rh5 Kg6 54. Rh8 Kg7 55. Rd8 Ne6 56. Re8 Nf4 57. Rf1 Ng6 58. e6 fxe6 59. Rxe6 Nh4 60. Re7+ Kg6 61.
Be4+ Kh6 62. Rh7+ Kg5 63. Rg7+ Ng6 64. Rxg6+ Kh4 65. Rxg3 Kxg3 66. Rf3+ Kg4 67. Kg2 Kh4 68. Bd3 Kg4 69. Be2 Kh4 70. Rg3 1/2-1/2

[Event "Early-Titled-Tuesday-Blitz-February-13-2024"]
[Site "Chess.com"]
[Date "2024.02.13"]
[Round "9"]
[White "EsmeraldasAnderson03"]
[Black "xakevicius91"]
[Result "0-1"]
[WhiteElo "2408"]
[BlackElo "2541"]
[TimeControl "180+1"]
[EndTime "9:49:26 PST"]
[Termination "xakevicius91 won by resignation"]

1. d4 Nf6 2. c4 e6 3. Nc3 c5 4. d5 exd5 5. cxd5 d6 6. e4 g6 7. Nf3 Bg7 8. Nd2 O-O 9. Be2 a6 10.
a4 Nbd7 11. O-O Re8 12. Qc2 Rb8 13. f4 Qe7 14. a5 b5 15. axb6 Rxb6 16. Nc4 Rb4 17.
Bd3 Nb6 18. Na5 Bd7 19. h3 c4 20. Be2 Nxe4 21. Bf3 Nf6 22. Bd2 Bf5 23. Qc1 Qc7 24. Nc6 Rb5 25. Nd4 Bd7 26. Rxa6 Rxd5 27. Nxd5 Nfxd5 28. Bc3 Qc5 29. Qd2 Re3 30. Rxb6 Qxb6 31. Bxd5 Rd3 32.
Qf2 Bxd4 33. Bxd4 Qxd4 34. Qxd4 Rxd4 35. Bf3 Rd2 36. Rd1 Rxd1+ 37. Bxd1 Be6 38. Kf2 Kf8 39. Ke3 Ke7 40. Kd4 d5 41. Kc5 g5 42. fxg5 f6 43. Bf3 fxg5 44. Bxd5 Bf5 45. Kxc4 h5 46. Kc5 Kf6 47. Kd4 Bd7 48. b4 Kf5 49. g3 h4 50.
gxh4 gxh4 51. Kc5 Kf4 52. Kd6 Bxh3 53. b5 Bf1 54. b6 Ba6 55. Kc7 h3 56. Kb8 h2 57. Ka7 Bc8 58. Kb8 Ba6 59. Be6 h1=Q 60. Bc8 Qh8 61. b7 Bxb7 62. Kxb7 Ke5 63. Kc7 Kf6 64.
Bd7 Kg7 65. Bc6 Qh6 66. Bd7 Qf6 67. Bc6 Kf8 68. Bd7 Qe5+ 69. Kc6 Ke7 70. Bg4 Qd6+ 71. Kb5 Qc7 0-1

[Event "Early-Titled-Tuesday-Blitz-February-13-2024"]
[Site "Chess.com"]
[Date "2024.02.13"]
[Round "9"]
[White "atomicmate123"]
[Black "GlavkonVVS"]
[Result "1-0"]
[WhiteElo "2378"]
[BlackElo "2557"]
[TimeControl "180+1"]
[EndTime "9:49:26 PST"]
[Termination "atomicmate123 won on time"]

1. e4 c5 2. Nf3 d6 3. d4 cxd4 4.
Nxd4 Nf6 5. Nc3 a6 6. Bc4 e6 7.
Bb3 Qc7 8. Be3 Nbd7 9. Qe2 Nc5 10. f3 Be7 11. a3 b5 12. Ba2 Bb7 13. g4 h6 14. h4 Rc8 15. O-O-O Na4 16. Nxa4 bxa4 17. g5 Nd7 18. g6 Nc5 19. gxf7+ Kxf7 20. Rhg1 Bf6 21.
Qg2 g5 22. Rd2 Rhg8 23. Qg4 Bxd4 24. Bxd4 Nb3+ 25. Bxb3 axb3 26. Qh5+ Ke7 27. Qxh6 e5 28. Be3 Rcf8 29. Bxg5+ Kd7 30. Qh7+ Kc8 31. Qxc7+ Kxc7 32. Rgd1 Rxf3 33. Rxd6 Rc8 34. cxb3 Bxe4 35. Be7 Kb8+ 36. Kd2 Rc2+ 37. Ke1 Rh3 38. Rd8+ Kb7 39. R8d7+ Rc7 40. Rxc7+ Kxc7 41. Bd6+ Kc6 42. Bxe5 Rxb3 43. Bc3 Rb5 44. Rd4 Re5 45. Kd2 Re6 46. h5 Bd5 47. Rg4 Bf3 48.
Rg7 1-0

[Event "Early-Titled-Tuesday-Blitz-February-13-2024"]
[Site "Chess.com"]
[Date "2024.02.13"]
[Round "9"]
[White "kingofthenil"]
[Black "baki83"]
[Result "1/2-1/2"]
[WhiteElo "2712"]
[BlackElo "2841"]
[TimeControl "180+1"]
[EndTime "9:49:27 PST"]
[Termination "Game drawn - insufficient material"]

1. e4 c5 2. Nf3 d6 3. d4 cxd4 4. Nxd4 Nf6 5. Nc3 a6 6. Rg1 h5 7. h3 e5 8. Nf3 Be7 9. Bc4 Qc7 10. Bb3 Nbd7 11. g4 hxg4 12. hxg4 Nc5 13.
g5 Nxb3 14. axb3 Ng4 15. Nd5 Qc5 16. Qe2 Be6 17. b4 Qc6 18. b5 Qc5 19. b4 Qc8 20.
c4 Bxd5 21. exd5 axb5 22. Rxa8 Qxa8 23. Rxg4 Qa1 24. Qb2 Qa4 25. Rh4 Rxh4 26. Nxh4 bxc4 27. Nf5 Bf8 28. b5 Qa8 29. Ne3 Qa4 30. Bd2 Be7 31. Qb4 Qa1+ 32. Ke2 Bxg5 33. Nxc4 Be7 34. Qa5 Qxa5 35.
Nxa5 Kd7 36. Nxb7 Kc7 37. Na5 Kb6 38. Nc6 Bf8 39. Kd3 Kxb5 40. Nd8 Kc5 41. Ke4 f5+ 42.
Kxf5 Kxd5 43. Ne6 Be7 44. Nxg7 Bh4 45. Be3 Bd8 46. Ne8 Be7 47. Nc7+ Kc6 48. Ne6 Kd5 49. Ng7 Bd8 50. Ne8 Be7 51. Nc7+ Kc6 52. Na6 Kd5 53. Nb4+ Kc4 54. Nc6 Bh4 55. Ke4 Kc3 56.
Kd5 Kd3 57. Nd8 Bxd8 58. Kxd6 e4 59. Kd5 Bc7 60. Bc5 Bf4 61. Bb6 Bh2 62. Bc5 Bg1 63. Bb6 Ke2 64. Kxe4 Bxf2 1/2-1/2

[Event "Early-Titled-Tuesday-Blitz-February-13-2024"]
[Site "Chess.com"]
[Date "2024.02.13"]
[Round "9"]
[White "wild3000"]
[Black "rcmz"]
[Result "1/2-1/2"]
[WhiteElo "2363"]
[BlackElo "2178"]
[TimeControl "180+1"]
[EndTime "9:49:27 PST"]
[Termination "Game drawn by repetition"]

1. d4 d6 2. g3 Nd7 3. Bg2 h6 4.
e4 c6 5. f4 g6 6. h4 Bg7 7. h5 e6 8. hxg6 fxg6 9. Qg4 Nf8 10. c4 e5 11. Qe2 exd4 12. Nf3 Bg4 13. O-O Ne7 14. Qd3 c5 15. Na3 a6 16. Nc2 Qd7 17. b4 Bh3 18. bxc5 dxc5 19. e5 Bxg2 20. Kxg2 Qc6 21. Re1 Ne6 22. Kf2 O-O 23. Bd2 g5 24. Qe4 g4 25. Qxc6 Nxc6 26. Nh4 d3 27. Ne3 h5 28. Rab1 Rab8 29. Rb3 Rfd8 30. Nd5 Ncd4 31. Rxd3 b5 32. f5 Nf8 33. Ne7+ Kf7 34. f6 Bh8 35.
cxb5 axb5 36. Nhf5 Nxf5 37. Rxd8 Rxd8 38. Bg5 Nd4 39. Rh1 Nfe6 40. Rxh5 Nxg5 41. Rxg5 Ke6 42. Ng6 Nc6 43. Ke3 Bxf6 44. exf6 Kxf6 45. Rxg4 Re8+ 46.
Kf2 Nd4 47. Nf4 Nc2 48. Nd5+ Ke5 49. Nc7 Rf8+ 50. Ke2 Nd4+ 51. Ke1 Nf3+ 52. Kd1 b4 53. Na6 Rd8+ 54. Ke2 Nd4+ 55. Kd3 Ne6+ 56. Kc4 Ra8 57. Nxc5 Nxc5 58. Rg5+ Kf6 59. Rxc5 Rxa2 60. Kxb4 Rg2 61. Rc3 Kg5 62. Kc4 Kg4 63. Kd4 Rxg3 64. Rc6 Rf3 65. Ke4 Rf4+ 66. Ke3 Rf3+ 67. Ke2 Ra3 68. Rc4+ Kf5 69.
Rc5+ Ke6 70. Rc2 Ke5 71. Kf2 Kf5 72. Rb2 Ke5 73. Rc2 Kf5 74. Rb2 Ke5 75. Rc2 1/2-1/2

[Event "Early-Titled-Tuesday-Blitz-February-13-2024"]
[Site "Chess.com"]
[Date "2024.02.13"]
[Round "9"]
[White "Chess_Gainz"]
[Black "isaak2009"]
[Result "1-0"]
[WhiteElo "2560"]
[BlackElo "2674"]
[TimeControl "180+1"]
[EndTime "9:49:28 PST"]
[Termination "Chess_Gainz won by checkmate"]

1. e4 e5 2. Nf3 Nc6 3. Bb5 a6 4. Ba4 Bc5 5. c3 Nge7 6. O-O Ng6 7. d4 Ba7 8. Be3 O-O 9. Re1 d6 10. Nbd2 f6 11. h3 Kh8 12. Bc2 Bd7 13. a4 Qc8 14. Nf1 exd4 15. cxd4 Nb4 16. Bb3 Be6 17. Bxe6 Qxe6 18.
d5 Qe7 19. Bxa7 Rxa7 20. a5 Ne5 21. Nd4 Raa8 22. Re3 c5 23. Nf5 Qd7 24. b3 g6 25.
N5g3 Rae8 26. Nd2 f5 27. exf5 gxf5 28. f4 Ned3 29. Rxe8 Rxe8 30. Qf3 Ne1 31. Qh5 Nbc2 32. Rc1 Rg8 33. Ndf1 Qg7 34. Qe2 Qd4+ 35. Kh2 Qxf4 36. Rxc2 Nxc2 37. Qxc2 h5 38. Qxf5 Qxf5 39. Nxf5 Rg6 40.
N1e3 Kg8 41. g3 Kf7 42. Kg2 Ke8 43. Kf3 Kd7 44. Ke4 Rf6 45. g4 hxg4 46. hxg4 Rg6 47.
Kf4 Rg8 48. Nc4 Kc7 49. Nfxd6 Kd7 50. Nf5 Re8 51. Ne5+ Kc7 52. d6+ Kd8 53. g5 c4 54.
bxc4 Re6 55. c5 Re8 56. g6 Rg8 57. Kg5 Rxg6+ 58. Kxg6 Ke8 59. Nd4 Kd8 60. Kf7 Kc8 61. Ke7 b5 62. d7+ Kc7 63. d8=Q+ Kb7 64. c6+ Ka7 65.
Qb6+ Ka8 66. Qb7# 1-0

[Event "Early-Titled-Tuesday-Blitz-February-13-2024"]
[Site "Chess.com"]
[Date "2024.02.13"]
[Round "9"]
[White "Karttunen"]
[Black "ATM622"]
[Result "1-0"]
[WhiteElo "2633"]
[BlackElo "2476"]
[TimeControl "180+1"]
[EndTime "9:49:28 PST"]
[Termination "Karttunen won by resignation"]

1. c4 e5 2. Nc3 Nf6 3. Nf3 Nc6 4. e4 Bc5 5. Nxe5 Bxf2+ 6. Kxf2 Nxe5 7. d4 Neg4+ 8. Kg1 d6 9. h3 Nh6 10. Bd3 Qe7 11. Bg5 Nhg8 12. Nd5 Qd7 13. Bxf6 Nxf6 14. Nxf6+ gxf6 15. Qf3 Qe6 16. Qg3 Bd7 17. Rf1 O-O-O 18. Qg7 Rhg8 19. Qxf6 Qxf6 20. Rxf6 Rg3 21. Rf3 Rdg8 22. Rxg3 Rxg3 23. Bc2 c5 24. Kf2 Rg8 25. d5 h5 26. Re1 f6 27. Re3 Kd8 28. Rf3 Ke7 29.
Rf4 Rg5 30. Bd1 b5 31. cxb5 Bxb5 32. Rf5 Bd3 33. Rxg5 fxg5 34. Ke3 Bb1 35. a3 h4 36. Bg4 Kf6 37. Bf5 Bc2 38. Kd2 Bb1 39. b4 c4 40.
Kc3 Bd3 41. b5 Ke7 42. a4 Bf1 43. a5 Kd8 44. Bg6 Kc7 45. Bf5 Bxg2 46. Kxc4 Bf1+ 47. Kb4 Be2 48. b6+ axb6 49. axb6+ Kxb6 50. e5 dxe5 51. d6 Kc6 52. d7 Kc7 53. Kc5 g4 54. hxg4 h3 55.
g5 Bf3 56. Bxh3 Be4 57. Be6 Bd3 58.
Kd5 e4 59. Kd4 Bb1 60. Ke3 Bc2 61. g6 Bb3 62. Bxb3 Kxd7 63. g7 Ke7 64. g8=Q 1-0

[Event "Early-Titled-Tuesday-Blitz-February-13-2024"]
[Site "Chess.com"]
[Date "2024.02.13"]
[Round "9"]
[White "martinmena"]
[Black "kekic76"]
[Result "1-0"]
[WhiteElo "2123"]
[BlackElo "2302"]
[TimeControl "180+1"]
[EndTime "9:49:28 PST"]
[Termination "martinmena won on time"]

1. c4 e5 2. g3 Nc6 3. Bg2 Bc5 4. Nc3 d6 5. e3 a5 6. Nge2 Nf6 7. O-O O-O 8. b3 Re8 9. d4 exd4 10. Nxd4 Ne5 11. h3 Rb8 12. Bb2 c6 13. Qc2 Qc7 14. Rad1 Bd7 15. Na4 Ba7 16. c5 d5 17. Nf5 Bxf5 18. Qxf5 Ned7 19. Bd4 Re6 20. g4 Rbe8 21. f4 Ne4 22.
Bxe4 Rxe4 23. Qg5 f6 24. Qh4 Nf8 25. f5 Nd7 26. Kg2 Rxe3 27. Bxe3 Rxe3 28. Rde1 Rxe1 29. Rxe1 Ne5 30. Qg3 Bb8 31. g5 Qe7 32. gxf6 Qxf6 33. Nb6 Nd7 34. Qf3 Nxb6 35. cxb6 h6 36. Re2 Bd6 37.
Qg4 Be7 38. Qg6 Qh4 39. Re6 Qg5+ 40. Qxg5 Bxg5 41. Re8+ Kf7 42. Rb8 Ke7 43. Rxb7+ Kd6 44. Rxg7 c5 45. h4 Bxh4 46. Rg6+ Kd7 47. b7 Kc7 48.
Rb6 Kb8 49. f6 h5 50. f7 Be7 51. Re6 Kxb7 52. Rxe7+ Kb6 53. f8=Q Kb5 54. Qb8+ 1-0

[Event "Early-Titled-Tuesday-Blitz-February-13-2024"]
[Site "Chess.com"]
[Date "2024.02.13"]
[Round "9"]
[White "CaspiIsrael"]
[Black "Zhigalko_Sergei"]
[Result "1-0"]
[WhiteElo "2790"]
[BlackElo "2936"]
[TimeControl "180+1"]
[EndTime "9:49:29 PST"]
[Termination "CaspiIsrael won on time"]

1. e4 c5 2. Nf3 Nc6 3. d4 cxd4 4. Nxd4 Nf6 5. Nc3 e5 6. Ndb5 d6 7. Bg5 a6 8. Na3 b5 9. Nab1 Rb8 10. a4 b4 11. Nd5 Be7 12. Bxf6 Bxf6 13. Bc4 O-O 14. O-O Bg5 15. Qd3 a5 16. c3 bxc3 17. bxc3 Kh8 18. Na3 f5 19. Nb5 fxe4 20. Qxe4 Bf5 21. Qe2 e4 22. Ne3 Bg6 23. Rad1 Bf4 24. g3 Ne5 25. Rxd6 Nf3+ 26. Qxf3 Bxd6 27. Qg4 Bc5 28. Qe2 Qg5 29. Nc7 Bxe3 30. Ne6 Bxf2+ 31. Kg2 Qf6 32. Nxf8 e3 33.
Nxg6+ Qxg6 34. Bd5 Qf6 35. Rc1 g6 36. Bf3 Rd8 37. Rc2 Rd6 38. c4 Rd7 39. c5 Rc7 40. c6 Kg7 41. Qd3 h5 42. Qb5 Kh6 43. Qxa5 Rf7 44. Qd5 h4 45. c7 e2 46. Rxe2 Bxg3 47. hxg3 Rxc7 48. gxh4 Qxh4 49. Qd2+ Kh7 50. Re4 Qf6 51. Qd4 Rc2+ 52. Kg3 Qg5+ 53. Rg4 Qe7 54. Rh4+ Kg8 55. Rh8+ Kf7 56. Rh7+ Kf8 57. Rxe7 Kxe7 58. Qe4+ Kf6 59. Qxc2 Kg5 60. a5 Kh6 61. a6 1-0

[Event "Early-Titled-Tuesday-Blitz-February-13-2024"]
[Site "Chess.com"]
[Date "2024.02.13"]
[Round "9"]
[White "rhungaski"]
[Black "ansko1999"]
[Result "1-0"]
[WhiteElo "2510"]
[BlackElo "2650"]
[TimeControl "180+1"]
[EndTime "9:49:29 PST"]
[Termination "rhungaski won on time"]

1. e4 c5 2. Nf3 e6 3. d4 cxd4 4. Nxd4 Nc6 5. Nb5 d6 6. c4 Nf6 7. N1c3 a6 8. Na3 Be7 9. Be2 O-O 10. O-O b6 11. Bf4 Bb7 12. Re1 Qc7 13. Rc1 Ne5 14. Bf1 Rac8 15. h3 Rfd8 16. Qd2 Qb8 17. Bh2 Qa8 18.
Qe3 Ned7 19. Nab1 Bf8 20. Nd2 Bc6 21. a3 Qb7 22. b4 b5 23. Nb3 bxc4 24. Na5 Qa8 25.
Bxc4 Ne5 26. Bf1 Be8 27. Qe2 Nc6 28. Qxa6 Qxa6 29. Bxa6 Rb8 30. Nxc6 Bxc6 31. Bd3 Ra8 32. b5 Bb7 33. a4 d5 34. exd5 Nxd5 35. Nxd5 Bxd5 36.
Bc7 Rdc8 37. Be4 Rxa4 38. Bxd5 exd5 39. b6 Rb4 40. Rb1 Rc4 41. Bg3 Bb4 42. Red1 d4 43. b7 Rf8 44. b8=Q Rxb8 45. Bxb8 f6 46. h4 h5 47. g3 Kf7 48. Bf4 Bc3 49. Rd3 Kg6 50.
Bd2 Kf5 51. Bxc3 dxc3 52. Rc1 c2 53. Rd2 Kg4 54. Kg2 Ra4 55. Rcxc2 Kf5 56. Rc5+ Kg6 57. Rcd5 Ra3 58. R5d3 Ra4 59. Rd7 Ra3 60. Rc7 Kh6 61. Rdd7 f5 62. Rd6+ g6 63. Rdd7 1-0

[Event "Early-Titled-Tuesday-Blitz-February-13-2024"]
[Site "Chess.com"]
[Date "2024.02.13"]
[Round "9"]
[White "ChEsper99"]
[Black "RamonManon0g"]
[Result "1-0"]
[WhiteElo "2225"]
[BlackElo "2362"]
[TimeControl "180+1"]
[EndTime "9:49:30 PST"]
[Termination "ChEsper99 won by checkmate"]

1. d4 Nf6 2. Bf4 g6 3. Nf3 d6 4. g3 Bg7 5. Bg2 O-O 6. O-O c6 7. c4 Qb6 8. Qc1 Bf5 9. Nc3 Ne4 10. Bh6 Nd7 11. Bxg7 Kxg7 12. Nh4 Ndf6 13. Nxf5+ gxf5 14. e3 e5 15. Nxe4 fxe4 16. dxe5 dxe5 17. Qc2 Rad8 18. Rfd1 Qb4 19. b3 b5 20. Bxe4 bxc4 21. bxc4 c5 22. Bd5 Rd6 23. Qf5 Qc3 24. Rac1 Qb2 25. Rc2 Qb6 26.
Qxe5 h6 27. Rcd2 Re8 28. Qf4 Qb4 29. h4 Rdd8 30. g4 Re4 31. Bxe4 Rxd2 32. Rxd2 Qxd2 33.
Bf5 Qd1+ 34. Kg2 Qd8 35. g5 hxg5 36. Qxg5+ Kf8 37. h5 Qa8+ 38. Kg1 Ne4 39. Bxe4 Qxe4 40. h6 Qb1+ 41. Kg2 Qe4+ 42. Kg3 a5 43. Qg7+ Ke8 44.
h7 Ke7 45. h8=Q Qf5 46. Qh4+ Kd7 47. Qhg4 Qxg4+ 48. Qxg4+ Ke7 49. Qf4 f6 50. Kg4 Ke6 51.
Qf5+ Ke7 52. Qxc5+ Ke6 53. Qxa5 f5+ 54. Qxf5+ Kd6 55.
Qf4+ Kc5 56. e4 Kxc4 57. e5+ Kd5 58. Qe3 Ke6 59. a4 Kf7 60. a5 Kg6 61. a6 Kf7 62. e6+ Kg6 63. a7 Kf6 64. e7 Kg6 65. e8=Q+ Kf6 66. Q3e6+ Kg7 67. Q8g8# 1-0

[Event "Early-Titled-Tuesday-Blitz-February-13-2024"]
[Site "Chess.com"]
[Date "2024.02.13"]
[Round "9"]
[White "Polish_fighter3000"]
[Black "PLAYER_2006_M"]
[Result "0-1"]
[WhiteElo "3069"]
[BlackElo "3044"]
[TimeControl "180+1"]
[EndTime "9:49:34 PST"]
[Termination "PLAYER_2006_M won by checkmate"]

1. e4 e5 2. Nf3 Nf6 3. Nxe5 d6 4. Nf3 Nxe4 5. Nc3 Nxc3 6. dxc3 Be7 7. Be3 O-O 8. Qd2 Nd7 9. O-O-O Nf6 10. Kb1 Re8 11.
h4 d5 12. c4 c6 13. Ng5 h6 14. Nf3 Bf8 15. cxd5 Nxd5 16. Bd4 Bf5 17. Bd3 Bxd3 18. Qxd3 Nf4 19. Qf5 Ne6 20. Ng5 Nxg5 21. Bxg7 Qc8 22. Qxc8 Raxc8 23. Bxf8 Kxf8 24. hxg5 hxg5 25. Rd7 Re7 26.
Rh8+ Kg7 27. Rxe7 Rxh8 28. a4 Rh2 29. g3 Rxf2 30. Rxb7 Rf3 31. Rxa7 Rxg3 32. Ra5 g4 33. Rg5+ Kh6 34. Rc5 Re3 35. Rxc6+ Kg5 36. Rc8 f5 37.
Rg8+ Kh4 38. a5 f4 39. Rh8+ Kg3 40. a6 Re7 41. b4 f3 42. Rf8 Kf2 43. b5 g3 44. b6 g2 45. Rg8 g1=Q+ 46. Rxg1 Kxg1 47. a7 f2 48. a8=Q f1=Q+ 49. Kb2 Qf6+ 50. Ka2 Qe6+ 51. Ka1 Qe5+ 52. Ka2 Qe6+ 53. Ka1 Qd7 54.
Qg8+ Kf2 55. Qc4 Qd6 56. Qb5 Qa3+ 57. Kb1 Re1# 0-1

[Event "Early-Titled-Tuesday-Blitz-February-13-2024"]
[Site "Chess.com"]
[Date "2024.02.13"]
[Round "9"]
[White "AlexPapasimakopoulos"]
[Black "mbojan"]
[Result "1/2-1/2"]
[WhiteElo "2731"]
[BlackElo "2868"]
[TimeControl "180+1"]
[EndTime "9:49:35 PST"]
[Termination "Game drawn by repetition"]

1. d4 Nf6 2. c4 g6 3. Nc3 Bg7 4.
Bg5 h6 5. Bh4 d6 6. e3 Nbd7 7.
Be2 O-O 8. Nf3 b6 9. Nd2 Bb7 10. O-O e6 11. b4 a5 12. b5 Qb8 13. Bf3 Qa7 14. Bc6 g5 15. Bg3 Rac8 16. Rc1 Nb8 17.
Bf3 Bxf3 18. Qxf3 Nbd7 19. a4 Qa8 20. Qc6 Qxc6 21. bxc6 Nb8 22. d5 Na6 23. Nb3 Nh5 24. Nd4 Rfe8 25. Rfd1 Nxg3 26. hxg3 Bxd4 27. Rxd4 e5 28.
Rdd1 f5 29. e4 f4 30. g4 Kg7 31. f3 Rh8 32. Kf2 h5 33. gxh5 Rxh5 34. Rh1 Rch8 35. Rxh5 Rxh5 36. Nb5 Kf6 37. Kg1 Ke7 38. Ra1 Kd8 39.
Nc3 Nc5 40. Rd1 Rh4 41. Kf2 Ke7 42. Kg1 Ke8 43. Kf2 Kd8 44. Kg1 g4 45. fxg4 Rxg4 46.
Kf2 Rh4 47. Rg1 Rh2 48. Kf3 Rh7 49. g3 Rh3 50. Kg4 Rxg3+ 51. Rxg3 fxg3 52. Kxg3 Nd3 53. Nd1 Nc5 54. Nc3 Nd3 55. Nd1 Ke7 56. Kf3 Nc5 57. Nc3 Kd8 58. Ke3 Nb3 59. Kd3 Nc5+ 60. Ke3 Ke7 61. Kf3 Ke8 62. Ke3 Kd8 63. Kf3 Nd3 64. Ke3 Nc5 65. Ke2 Nb3 66. Kd3 Nc5+ 67. Kd2 Nb3+ 68. Kc2 Nc5 69. Kc1 Nd3+ 70. Kc2 Nc5 71.
Kd2 Nb3+ 72. Ke3 Nc5 1/2-1/2

[Event "Early-Titled-Tuesday-Blitz-February-13-2024"]
[Site "Chess.com"]
[Date "2024.02.13"]
[Round "9"]
[White "lluiss"]
[Black "Hui_Li_Macau"]
[Result "0-1"]
[WhiteElo "2159"]
[BlackElo "2360"]
[TimeControl "180+1"]
[EndTime "9:49:39 PST"]
[Termination "Hui_Li_Macau won on time"]

1. e4 e5 2. Nf3 Nf6 3. Nc3 Nc6 4. g3 d5 5. exd5 Nxd5 6. Qe2 Nxc3 7. bxc3 Bd6 8. Bg2 O-O 9. O-O Bf5 10. d3 Rb8 11. c4 Re8 12. Nd2 Nd4 13. Qd1 Qd7 14. Nb3 Bg4 15. f3 Nxb3 16. axb3 Bc5+ 17. Kh1 Bh3 18. Qe2 Bxg2+ 19. Kxg2 a6 20. Be3 Bd4 21.
Rae1 f6 22. Qd2 Bxe3 23. Qxe3 Qc6 24. Qe4 Qxe4 25. fxe4 a5 26. Ra1 b6 27. Kf3 Kf7 28.
Ke3 Ke6 29. c5 h5 30. Ra4 Ra8 31. Rfa1 Rac8 32. c4 Rcd8 33. cxb6 cxb6 34. b4 axb4 35. Rxb4 Rd6 36. Ra6 Red8 37. Rbxb6 Rxb6 38. Rxb6+ Kf7 39. Rb7+ Kg6 40. c5 Rc8 41. d4 exd4+ 42. Kxd4 f5 43. exf5+ Kxf5 44. Kd5 Rd8+ 45. Kc6 g5 46. Rd7 Re8 47.
Kb7 Re2 48. c6 Rxh2 49. Rd5+ Ke6 50. Rc5 Rb2+ 51. Ka7 Ra2+ 52. Kb6 Rb2+ 53. Ka7 Ra2+ 54. Kb6 Rb2+ 55. Ka5 Ra2+ 56. Kb4 Ra8 57. Rxg5 Kd6 58. Rxh5 Kxc6 59. Kc4 Ra4+ 0-1

[Event "Early-Titled-Tuesday-Blitz-February-13-2024"]
[Site "Chess.com"]
[Date "2024.02.13"]
[Round "9"]
[White "ploxoi"]
[Black "Lion-Al-Messi"]
[Result "1-0"]
[WhiteElo "2456"]
[BlackElo "2553"]
[TimeControl "180+1"]
[EndTime "9:49:41 PST"]
[Termination "ploxoi won by resignation"]

1. d4 Nf6 2. c4 b6 3. Nc3 Bb7 4.
f3 d5 5. cxd5 Nxd5 6. e4 Nxc3 7.
bxc3 e6 8. Be3 Be7 9. Bb5+ c6 10. Bd3 c5 11. Ne2 O-O 12. O-O Nd7 13. Qd2 Qc7 14. Rac1 Rac8 15. h4 Bxh4 16. Bf4 Qc6 17. Rfd1 Be7 18. d5 exd5 19. exd5 Qxd5 20. Qe3 Qe6 21. Qxe6 fxe6 22. Bxh7+ Kxh7 23. Rxd7 Ba6 24. Rxe7 Bxe2 25. Be5 Rg8 26. Kf2 Bc4 27. a3 Rcd8 28. g4 Rd2+ 29. Kg3 Rd3 30. Rxa7 Bd5 31. Rf1 Re3 32. Bf4 Rxc3 33.
a4 Rf8 34. Rxg7+ Kxg7 35. Be5+ Kg6 36. Bxc3 Ra8 37. Rb1 Ra6 38. Be5 Rxa4 39. Rxb6 Ra3 40. Rb8 Rxf3+ 41. Kh4 c4 42. Rg8+ Kf7 43. Rg7+ Kf8 44.
Kg5 Re3 45. Bf6 Rf3 46. Rc7 Ke8 47. Re7+ Kf8 48. Rd7 Bc6 49. Rc7 Bb5 50. Kg6 Be8+ 51. Kg5 Bb5 52. Rc5 Bd7 53. Rxc4 Ke8 54. Rb4 Bc6 55.
Rb8+ Kd7 56. Be5 Re3 57. Bf4 Re2 58. Kf6 Rf2 59. Kg5 Re2 60. Rg8 e5 61. Bg3 e4 62.
Bf4 Rg2 63. Rg6 Bb7 64. Rd6+ Kc8 65. Re6 Kd7 66. Re5 Bc6 67. Kf5 Rd2 68. Bxd2 1-0